AoeStats
← iaklimunda

Golden Pit

507601354Analyzed
1v1 RM · 12d ago on Sep 19, 2026· 43m 58s· 2 players
Game mode
Random Map
Map size
Tiny (2 player)
Population
200
Speed
Normal
Resources
Standard
Victory
Conquest
Starting age
Dark Age
Ending age
Imperial Age
RankedLock teamsTeams togetherTeam positionsShared explorationLock speedFull tech treeHidden civsTurbo modeCheats
Victory
Defeat
🇦🇷 Malians · Argentina
1168
+16
🇺🇸 Hindustanis · United States
1176
-16
iaklimunda
10:09 Feudal Age
8:26 Loom
10:32 Man-at-Arms
11:13 Double-Bit Axe
15:44 Horse Collar
22:54 Castle Age
22:06 Stone Mining
24:14 Bow Saw
25:34 Stone Shaft Mining
29:52 Heavy Plow
30:30 Town Watch
35:32 Imperial Age
34:58 Fletching
35:10 Padded Archer Armor
36:04 Bodkin Arrow
39:54 Chemistry
39:15 Ballistics
39:57 Conscription
40:56 Elite Gbeto
41:38 Elite Gbeto
jediski16
6:54 Loom
9:17 Feudal Age
11:30 Double-Bit Axe
14:21 Forging
17:55 Horse Collar
19:49 Wheelbarrow
23:12 Castle Age
22:22 Fletching
22:57 Bloodlines
24:38 Iron Casting
25:00 Hand Cart
25:53 Bow Saw
25:55 Bodkin Arrow
26:29 Husbandry
26:34 Heavy Plow
27:30 Stone Mining
28:57 Stone Shaft Mining
30:07 Scale Barding Armor
30:17 Gold Mining
35:48 Imperial Age
34:32 Town Watch
34:50 Scale Mail Armor
35:15 Chain Barding Armor
36:49 Ballistics
39:29 Bracer
39:45 Chain Mail Armor
40:01 Heavy Camel Rider
Connection lost

Rejoining the realm…

Still unreachable

The connection could not be restored.

Session expired

The server has moved on; the page needs a fresh start.